 Dungeon Crawl Stone Soup version 0.27.0-1-g7a089689b8 (webtiles) character file.

Game seed: 17720046029567099838

17090 ZombieSheep the Cleaver (level 12, -9/95 HPs)
             Began as a Formicid Abyssal Knight on Aug 9, 2021.
             Was a High Priest of Lugonu.
             Mangled by a cane toad (18 damage)
             ... on level 2 of the Lair of Beasts.
             The game lasted 00:29:29 (17238 turns).

ZombieSheep the Cleaver (Formicid Abyssal Knight)  Turns: 17238, Time: 00:29:29

Health: -9/95      AC: 13    Str: 26    XL:     12   Next: 78%
Magic:  16/20      EV: 15    Int: 12    God:    Lugonu [*****.]
Gold:   849        SH:  0    Dex: 16    Spells: 11/11 levels left

rFire    + . .     SeeInvis +   b - +3 battleaxe
rCold    + . .     Faith    .   (no shield)
rNeg     + . .     Spirit   .   j - +0 acid dragon scales
rPois    .         Reflect  .   (helmet unavailable)
rElec    .         Harm     .   e - +0 cloak
rCorr    +         Rampage  .   k - +0 pair of gloves
Will     +....                  o - +2 pair of boots {Fly}
Stlth    ++........             M - amulet "Ychi" {rF+ rN+ Regen+ Stlth+}
HPRegen  1.25/turn              g - +4 ring of evasion
MPRegen  0.17/turn              H - ring "Fuefex" {rC+ Str+6 Dex+4}

@: flying, studying Long Blades
A: permanent stasis, dig shafts and tunnels, antennae 3, four strong arms
a: Dig, Shaft Self, Renounce Religion, Depart the Abyss, Bend Space, Banish,
Corrupt, Enter the Abyss


You were on level 2 of the Lair of Beasts.
You worshipped Lugonu.
Lugonu was extremely pleased with you.
You visited 2 branches of the dungeon, and saw 12 of its levels.
You visited the Abyss 1 time.

You collected 849 gold pieces.

Inventory:

Hand Weapons
 a - a +3 vorpal flail
 b - a +3 battleaxe (weapon)
 D - a +2 hand axe
Missiles
 c - 9 boomerangs (quivered)
 J - a throwing net
Armour
 e - a +0 cloak (worn)
 j - +0 acid dragon scales (worn)
 k - a +0 pair of gloves (worn)
 o - a +2 pair of boots of flying (worn)
 I - a +0 kite shield
Jewellery
 g - a +4 ring of evasion (left hand)
 s - a ring of flight
 t - a ring of fire
 w - an amulet of faith
 y - a ring of resist corrosion
 H - the ring "Fuefex" (right hand) {rC+ Str+6 Dex+4}
   (You acquired it on level 1 of the Lair of Beasts)

   [ring of strength]

   Str:       It affects your strength (+6).
   Dex:       It affects your dexterity (+4).
   rC:        It protects you from cold.
 K - a ring of positive energy
 L - a ring of ice
 M - the amulet "Ychi" (around neck) {rF+ rN+ Regen+ Stlth+}
   (You acquired it on level 1 of the Lair of Beasts)

   [amulet of regeneration]

   rF:        It protects you from fire.
   rN:        It protects you from negative energy.
   Regen:     It increases your rate of health regeneration.
   Stlth:     It makes you more stealthy.
Wands
 n - a wand of flame (68)
 u - a wand of iceblast (15)
 v - a wand of acid (2)
 B - a wand of polymorph (4)
Scrolls
 f - 3 scrolls of immolation
 i - a scroll of fear {unknown}
 l - 2 scrolls of identify
 p - 2 scrolls of enchant weapon
 q - a scroll of fog
 A - 2 scrolls of enchant armour
 E - 2 scrolls of magic mapping
 G - 2 scrolls of amnesia
Potions
 d - 2 potions of might
 h - 2 potions of mutation
 m - a potion of heal wounds
 r - a potion of flight
 x - 3 potions of curing
 z - a potion of ambrosia
 C - a potion of magic
 F - a potion of degeneration {unknown}


   Skills:
 - Level 9.3 Fighting
 - Level 13.1 Axes
 - Level 5.4 Armour
 - Level 0.8 Dodging
 + Level 6.3 Shields
 - Level 11.6 Invocations
 - Level 4.9 Evocations


You had 11 spell levels left.
You didn't know any spells.
Your spell library contained the following spells:

 Spells                   Type           Power      Damage    Failure   Level
 Animate Skeleton         Necr           0%         N/A       36%         1
 Apportation              Tloc           0%         N/A       36%         1
 Corona                   Hex            0%         N/A       36%         1
 Magic Dart               Conj           0%         1d3       36%         1
 Shock                    Conj/Air       0%         1d3       36%         1
 Summon Small Mammal      Summ           0%         N/A       36%         1
 Corpse Rot               Necr/Air       N/A        N/A       52%         2
 Passwall                 Tmut/Erth      0%         N/A       52%         2
 Poisonous Vapours        Pois/Air       0%         N/A       52%         2
 Searing Ray              Conj           0%         3d3       52%         2
 Airstrike                Air            0%         N/A       98%         4
 Fulminant Prism          Conj/Hex       0%         3d6       98%         4
 Summon Lightning Spire   Summ/Air       0%         N/A       98%         4
 Alistair's Intoxication  Tmut/Pois      0%         N/A       100%        5
 Freezing Cloud           Conj/Ice/Air   0%         6-21      100%        5
 Lightning Bolt           Conj/Air       0%         1d11      100%        5
 Invisibility             Hex            0%         N/A       100%        6
 Malign Gateway           Summ/Tloc      0%         N/A       100%        7
 Summon Horrible Things   Summ           0%         N/A       100%        8
 Swiftness                Air            Unusable   N/A       N/A         3

Dungeon Overview and Level Annotations

Branches:
Dungeon (10/15)            Temple (0/1) D:4            Lair (2/6) D:9
    Orc (0/2) D:10
  Swamp: Lair:2-4    Shoals: Lair:2-4     Snake: Lair:2-4    Spider: Lair:2-4

Altars:
Cheibriados
Elyvilon
Fedhas
Gozag
Hepliaklqana
Kikubaaqudgha
Makhleb
Okawaru
Qazlal
Trog
Vehumet
Wu Jian
Yredelemnul
The Shining One

Shops:
D:6 *

Annotations:
D:10 2 runed translucent doors, robertstho's ghost, journeyman DjFE


Innate Abilities, Weirdness & Mutations

You cannot be hasted, slowed, berserked, paralysed or teleported.
You can dig through walls and to a lower floor.
You have a pair of large antennae on your head. (SInv)
Your four strong arms can wield two-handed weapons with a shield.


Message History

The eight-headed hydra bites you!
* * * LOW HITPOINT WARNING * * *
The eight-headed hydra bites you!
* * * LOW HITPOINT WARNING * * *
The eight-headed hydra bites you but does no damage.
The eight-headed hydra bites you.
* * * LOW HITPOINT WARNING * * *
The eight-headed hydra barely misses you. x2
The eight-headed hydra bites you!
* * * LOW HITPOINT WARNING * * *
The cane toad stings you but does no damage.
You feel much better.
You feel sick.
You are no longer poisoned.
The eight-headed hydra barely misses you.
The eight-headed hydra completely misses you.
The eight-headed hydra closely misses you. x2
The eight-headed hydra bites you!
* * * LOW HITPOINT WARNING * * *
The eight-headed hydra completely misses you.
The eight-headed hydra bites you.
* * * LOW HITPOINT WARNING * * *
The eight-headed hydra bites you but does no damage.
The cane toad stings you but does no damage.
You feel much better. The cane toad misses you.
The eight-headed hydra bites you but does no damage.
The eight-headed hydra bites you!
* * * LOW HITPOINT WARNING * * *
The eight-headed hydra bites you but does no damage.
The eight-headed hydra bites you.
* * * LOW HITPOINT WARNING * * *
The eight-headed hydra closely misses you.
The eight-headed hydra bites you!
* * * LOW HITPOINT WARNING * * *
The eight-headed hydra misses you.
The eight-headed hydra closely misses you.
Press: ? - help, Shift-Dir - straight line, f/p - eight-headed hydra
Aim: an eight-headed hydra (severely wounded, covered in acid, chance to affect: 59%)
The eight-headed hydra resists with significant effort.
The cane toad stings you!!
You die...

...........♣♣§§§..♣♣
♣........#
###.#.##....♣♣♣♣...♣♣
####.#...P# #
#######..♣♣≈≈≈≈...♣
##....P# #
##♣♣≈≈≈≈≈≈≈♣♣ P...##
## P.♣≈≈≈≈≈≈F≈♣♣ .....
.# #.♣≈≈≈≈≈≈...♣ .#
#.♣♣♣♣♣♣♣..♣♣ .#
#......#D..# .##
#####†.....@F###
P.####.#.#......####
.............†.......
.....................
......................
#########.#P.#.P#..###
############


You could see an eight-headed hydra (corroded) and a cane toad.

Vanquished Creatures
  Fannar (Lair:2)
  3 hydras
  2 two-headed ogres (D:10)
  6 elephants (Lair:2)
  4 torpor snails
  A cane toad (Lair:1)
  2 rime drakes (Lair:2)
  2 komodo dragons
  2 trolls
  Sigmund (D:2)
  A wyvern (D:9)
  22 yaks
  A basilisk (Lair:2)
  A swamp worm (Lair:2)
  An acid dragon (D:9)
  4 water moccasins
  2 orc warriors (D:10)
  An ice beast (D:6)
  6 black bears
  5 ogres
  A sky beast (D:5)
  2 centaurs
  A kobold brigand (D:7)
  A gnoll sergeant (D:6)
  5 bullfrogs
  4 scorpions
  A wyvern skeleton (D:7)
  9 killer bees
  6 wights
  3 howler monkeys
  A centaur zombie (D:5)
  3 hounds
  4 orc priests
  A bullfrog skeleton (D:6)
  A centaur skeleton (D:6)
  2 jellies
  3 iguanas
  8 orc wizards
  A hound skeleton (D:4)
  8 gnolls
  8 adders
  A white imp (D:7)
  An adder skeleton (D:4)
  2 worms (D:2)
  3 dart slugs (D:1)
  49 orcs
  6 ball pythons
  4 bats
  2 endoplasms
  4 giant cockroaches
  9 goblins
  8 hobgoblins
  4 jackals (D:3)
  7 kobolds
  5 quokkas
  3 frilled lizards (D:3)
  5 rats
254 creatures vanquished.

Vanquished Creatures (others)
  A fungus (Lair:1)
  4 plants
  5 toadstools (D:1)
10 creatures vanquished.

Grand Total: 264 creatures vanquished

Notes
Turn   | Place    | Note
-------+----------+-------------------------------------------
     0 | Abyss:1  | ZombieSheep the Formicid Abyssal Knight began the quest for
                  | the Orb.
     0 | Abyss:1  | Reached XP level 1. HP: 18/18 MP: 2/2
    13 | Abyss:1  | Noticed a fire bat
    14 | Abyss:1  | Noticed a fire bat
    18 | D:1      | Escaped the Abyss
   201 | D:1      | Reached * piety under Lugonu
   202 | D:1      | Reached XP level 2. HP: 21/24 MP: 3/3
   852 | D:1      | Reached XP level 3. HP: 29/29 MP: 3/5
  1098 | D:2      | Reached skill level 3 in Axes
  1387 | D:2      | Reached XP level 4. HP: 23/37 MP: 6/6
  1789 | D:2      | Noticed Sigmund
  1813 | D:2      | Killed Sigmund
  1814 | D:2      | Reached skill level 4 in Axes
  1814 | D:2      | Reached XP level 5. HP: 12/43 MP: 6/8
  1814 | D:2      | Reached XP level 6. HP: 14/49 MP: 6/9
  2174 | D:2      | Found a faded altar of an unknown god.
  2624 | D:3      | Reached ** piety under Lugonu
  3828 | D:3      | Reached skill level 5 in Axes
  3931 | D:3      | Reached XP level 7. HP: 55/55 MP: 10/10
  4376 | D:4      | Found a hazy altar of Hepliaklqana.
  4391 | D:4      | Found a staircase to the Ecumenical Temple.
  4600 | D:4      | Reached skill level 5 in Fighting
  4896 | D:4      | Found a white marble altar of Elyvilon.
  5221 | D:4      | Reached skill level 5 in Invocations
  5396 | D:4      | Found a stormy altar of Qazlal.
  5627 | D:4      | Reached *** piety under Lugonu
  5929 | D:5      | Entered Level 5 of the Dungeon
  5983 | D:4      | Reached skill level 6 in Axes
  5983 | D:4      | Reached XP level 8. HP: 24/63 MP: 3/11
  6816 | D:5      | Reached skill level 7 in Axes
  7013 | D:5      | Reached XP level 9. HP: 52/71 MP: 9/13
  7291 | D:5      | Found a glowing golden altar of the Shining One.
  7291 | D:5      | Found a radiant altar of Vehumet.
  7468 | D:6      | Found Vaywuck's Assorted Antiques.
  7636 | D:6      | Reached skill level 8 in Axes
  8596 | D:6      | Found an iron altar of Okawaru.
  8601 | D:6      | Found a basalt altar of Yredelemnul.
  8697 | D:6      | Found an ancient bone altar of Kikubaaqudgha.
  8712 | D:6      | Reached **** piety under Lugonu
  9285 | D:6      | Found a bloodstained altar of Trog.
  9728 | D:7      | Found an opulent altar of Gozag.
  9730 | D:7      | Found an opulent altar of Gozag.
  9740 | D:7      | Reached skill level 9 in Axes
  9750 | D:7      | Found an opulent altar of Gozag.
  9757 | D:7      | Found an opulent altar of Gozag.
 10076 | D:7      | Reached XP level 10. HP: 45/79 MP: 14/16
 10302 | D:7      | Found an ornate altar of the Wu Jian Council.
 10922 | D:8      | Found a blossoming altar of Fedhas.
 11260 | D:8      | Reached skill level 10 in Axes
 12273 | D:9      | Reached skill level 5 in Armour
 12534 | D:9      | Reached skill level 11 in Axes
 12681 | D:9      | Found a burning altar of Makhleb.
 12681 | D:9      | Noticed a cacodemon
 12682 | D:9      | Found a staircase to the Lair.
 12963 | D:9      | Reached XP level 11. HP: 71/85 MP: 13/18
 13672 | D:10     | Entered Level 10 of the Dungeon
 13677 | D:10     | Found a runed translucent door.
 13680 | D:10     | Found a runed translucent door.
 13682 | D:10     | Noticed a necromancer
 13765 | D:10     | Reached skill level 10 in Invocations
 13779 | D:10     | Reached ***** piety under Lugonu
 13952 | D:10     | Found a staircase to the Orcish Mines.
 13986 | D:10     | Noticed a two-headed ogre
 13994 | D:10     | Killed a two-headed ogre
 14261 | D:10     | Reached skill level 12 in Axes
 14402 | D:10     | Noticed a two-headed ogre
 14419 | D:10     | Killed a two-headed ogre
 14677 | D:10     | Found a snail-covered altar of Cheibriados.
 14778 | D:10     | Noticed a red ugly thing
 14779 | D:10     | Noticed a frost giant
 14779 | D:10     | Noticed a skeletal warrior
 14779 | D:10     | Noticed a lich
 14779 | D:10     | Noticed robertstho's ghost (journeyman DjFE)
 14906 | D:10     | Noticed a frost giant
 15034 | D:10     | Identified 3 scrolls of acquirement
 15034 | D:10     | Acquired a manual of Long Blades
 15062 | Lair:1   | Entered Level 1 of the Lair of Beasts
 15431 | Lair:1   | Found a snail-covered altar of Cheibriados.
 15901 | Lair:1   | Noticed a five-headed hydra
 15915 | Lair:1   | Killed a five-headed hydra
 15916 | Lair:1   | Reached XP level 12. HP: 10/95 MP: 3/20
 16423 | Lair:1   | Acquired the amulet "Ychi" {rF+ rN+ Regen+ Stlth+}
 16425 | Lair:1   | Acquired the ring "Fuefex" {rC+ Str+6 Dex+4}
 16457 | Lair:2   | Noticed an eight-headed hydra
 16469 | Lair:2   | Killed an eight-headed hydra
 16578 | Lair:2   | Reached skill level 13 in Axes
 16852 | Lair:2   | Noticed a four-headed hydra
 16870 | Lair:2   | Killed a four-headed hydra
 16999 | Lair:2   | Noticed Fannar
 17020 | Lair:2   | Killed Fannar
 17021 | Lair:2   | Reached skill level 5 in Shields
 17222 | Lair:2   | Noticed an eight-headed hydra
 17235 | Lair:2   | HP: 3/95 [eight-headed hydra (10)]
 17238 | Lair:2   | Mangled by a cane toad

Illustrated notes

Levels and vault maps discovered:
D:1:      ldierk_walled_garden, layout_basic
D:2:      layout_loops_cross, ebering_ecumenical_altar_abandoned, uniq_sigmund
D:3:      minmay_chambers_of_twos, layout_loops_corners
D:4:      layout_basic, lemuel_tele_altar,
          mainiacjoe_overflow_concentric_impassable, general_overflow_altar,
          minmay_temple_entry_statues_fountains, serial_co_window_serial,
          co_window_corner_a, co_window_paths_a, co_window_corner_a,
          co_window_of_opportunity_a, co_window_corner_a,
          co_window_of_opportunity_c, co_window_unsneaky_path_c,
          co_window_broadway_b, co_window_corner_cb, glass_columns_b,
          glass_columns_a, glass_columns_a
D:5:      layout_loops_ring, gammafunk_temple_overflow_elements,
          serial_park_tiny_1, hangedman_abyss_or_decor_stabs,
          minmay_diced_spiral
D:6:      layout_layer_cave, mainiacjoe_overflow_boulevard,
          trog_ov_bears_minmay, mainiacjoe_overflow_catwalk_spiral,
          serial_shops, nicolae_stop_n_shop_2, corexii_shack
D:7:      layout_gridville, nicolae_gozag_conspicuous_consumption,
          nzn_wu_jian_council_hall, chequers_arboretum
D:8:      layout_cave_pools, mainiacjoe_overflow_brackets
D:9:      layout_gridville, makhleb_altar_promises_db, lair_entry_dummy
D:10:     layout_basic, mainiacjoe_overflow_six_doors_small, hiddenorc1_lemuel,
          muffindrake_ghost_dual_entry, hex_intersection
Lair:1:   layout_regular_city, kennysheep_snail_temple
Lair:2:   layout_chaotic_city, palyth_hydra_swamp_entry, uniq_fannar

Skill      XL: |  1  2  3  4  5  6  7  8  9 10 11 12 |
---------------+-------------------------------------+-----
Axes           | 3 4 5 6 7 9 11 12 13 | 13.1
Invocations    | 3 4 5 6 8 9 11 | 11.6
Fighting       | 4 5 6 7 9 |  9.3
Armour         | 3 5 |  5.4
Evocations     | 4 |  4.9
Shields        | 6 |  6.3
Dodging        | |  0.8

Action                   |  1- 3 |  4- 6 |  7- 9 | 10-12 || total
-------------------------+-------+-------+-------+-------++-------
Melee: Hand axe          |    72 |   173 |   283 |       ||   528
       Battleaxe         |       |       |   100 |   442 ||   542
       Flail             |       |       |       |    16 ||    16
Throw: Boomerang         |       |       |     4 |    13 ||    17
Invok: Depart the Abyss  |     1 |       |       |       ||     1
       Banish            |       |       |       |     1 ||     1
Evoke: Wand              |       |       |       |     9 ||     9
  Use: Scroll            |     3 |     1 |     8 |    11 ||    23
       Potion            |       |     1 |     1 |     6 ||     8
 Stab: Distracted        |       |       |       |     1 ||     1
Armor: Leather armour    |     7 |       |       |       ||     7
       Ring mail         |    18 |    27 |       |       ||    45
       Chain mail        |       |    45 |       |       ||    45
       Acid dragon scale |       |     2 |   140 |   198 ||   340
Dodge: Dodged            |    45 |    77 |   331 |   400 ||   853
